AoeStats
← troll_oscuro

Arabia

506018723Analyzed
1v1 RM · 19d ago on Sep 12, 2026· 46m 39s· 2 players
Game mode
Random Map
Map size
Tiny (2 player)
Population
200
Speed
Normal
Resources
Standard
Victory
Conquest
Starting age
Dark Age
Ending age
Imperial Age
RankedLock teamsTeams togetherTeam positionsShared explorationLock speedFull tech treeHidden civsTurbo modeCheats
Victory
Defeat
🇧🇷 Mongols · Brazil
1832
+10
🇨🇴 Teutons · Colombia
1689
-10
GAX | Ry4n
6:59 Loom
9:04 Feudal Age
9:26 Man-at-Arms
9:54 Double-Bit Axe
13:47 Horse Collar
15:20 Fletching
21:51 Castle Age
20:18 Gold Mining
21:54 Crossbowman
22:34 Bodkin Arrow
23:08 Padded Archer Armor
24:20 Ballistics
24:38 Bow Saw
27:29 Town Watch
28:58 Wheelbarrow
29:05 Arson
30:39 Leather Archer Armor
31:51 Heavy Plow
35:24 Imperial Age
33:18 Bloodlines
33:28 Husbandry
33:40 Light Cavalry
34:51 Hand Cart
35:43 Scale Barding Armor
36:28 Bracer
37:09 Chain Barding Armor
37:49 Forging
39:06 Iron Casting
39:19 Conscription
41:48 Blast Furnace
40:47 Hussar
41:12 Capped Ram
43:32 Chemistry
43:19 Parthian Tactics
43:00 Thumb Ring
45:04 Gold Shaft Mining
44:20 Stone Mining
44:51 Elite Mangudai
troll_oscuro
6:52 Loom
9:25 Feudal Age
10:13 Double-Bit Axe
12:35 Horse Collar
16:56 Fletching
19:38 Wheelbarrow
22:50 Castle Age
21:19 Padded Archer Armor
21:58 Gold Mining
22:53 Elite Skirmisher
22:55 Crossbowman
23:33 Bodkin Arrow
24:45 Leather Archer Armor
25:10 Bow Saw
28:43 Ballistics
29:39 Masonry
31:22 Stone Mining
36:14 Imperial Age
35:41 Scale Barding Armor
37:05 Bloodlines
37:22 Heavy Plow
38:53 Crenellations
44:23 Crop Rotation
45:22 Chemistry
45:29 Chain Barding Armor
46:45 Plate Barding Armor
45:35 Cavalier
Connection lost

Rejoining the realm…

Still unreachable

The connection could not be restored.

Session expired

The server has moved on; the page needs a fresh start.